 Dungeon Crawl Stone Soup version 0.30.1-9-gdf580d7c3d (webtiles) character file.

Game seed: 6956226160871418125

6404 SCALEDBEING the Fighter (level 10, 0/141 HPs)
             Began as a Minotaur Berserker on Oct 1, 2023.
             Was a High Priest of Trog.
             Slain by a boulder beetle (21 damage)
             ... on level 10 of the Dungeon.
             The game lasted 00:13:01 (9465 turns).

SCALEDBEING the Fighter (Minotaur Berserker)        Turns: 9465, Time: 00:13:02

Health: 0/141      AC: 21    Str: 27    XL:     10   Next: 66%
Magic:  9/9        EV:  9    Int:  4    God:    Trog [*****.]
Gold:   272        SH:  0    Dex:  9    Spells: 9/9 levels left

rFire   . . .        o - +4 quarterstaff (chaos)
rCold   . . .        (shield currently unavailable)
rNeg    . . .        D - +0 plate armour
rPois   .            (helmet restricted)
rElec   .            p - +0 cloak
rCorr   .            b - +1 pair of gloves
SInv    .            (no boots)
Will    .....        a - amulet of faith Stlth
                     B - +4 ring of protection
HPRegen 0.43/turn    (no ring)
MPRegen 0.11/turn

%: faith
@: berserking, very quick
A: horns 2, retaliatory headbutt
a: Renounce Religion, Berserk, Trog's Hand, Brothers in Arms


You were on level 10 of the Dungeon.
You worshipped Trog.
Trog was extremely pleased with you.
You visited 1 branch of the dungeon, and saw 10 of its levels.

You collected 410 gold pieces.
You spent 138 gold pieces at shops.

Inventory:

Hand Weapons
 o - a +4 quarterstaff of chaos (weapon)
 z - a +0 spectral battleaxe
Missiles
 i - 2 throwing nets (quivered)
Armour
 b - a +1 pair of gloves (worn)
 p - a +0 cloak (worn)
 D - a +0 plate armour (worn)
Jewellery
 a - an amulet of faith (around neck)
 B - a +4 ring of protection (left hand)
Wands
 c - a wand of charming (18)
 u - a wand of flame (42)
 C - a wand of mindburst (14)
Scrolls
 d - 3 scrolls of teleportation
 m - 6 scrolls of enchant armour
 n - 2 scrolls of magic mapping
 w - 2 scrolls of poison
 y - a scroll of immolation
Potions
 f - 3 potions of attraction
 g - a potion of invisibility
 j - 2 potions of brilliance
 k - a potion of heal wounds
 l - 2 potions of ambrosia
 q - 2 potions of haste
 r - a potion of lignification {unknown}
 t - a potion of mutation
 v - 2 potions of degeneration
 x - a potion of magic
 A - a potion of might
Miscellaneous
 h - a condenser vane
 E - a box of beasts


   Skills:
 * Level 10.6 Fighting
 + Level 9.8 Axes
 - Level 7.2 Staves
 * Level 8.6 Armour
 + Level 5.7 Dodging
 - Level 1.7 Stealth
 + Level 4.2 Evocations


You had 9 spell levels left.
You didn't know any spells.
Your spell library was empty.

Dungeon Overview and Level Annotations

Branches:
Dungeon (10/15)            Temple (0/1) D:5            Lair (0/5) D:10
    Orc: D:9-12

Altars:
Ashenzari
Dithmenos
Fedhas
Gozag
Ru
Trog
Uskayaw
Wu Jian
The Shining One

Shops:
D:1 :   D:2 ?   D:4 *   D:5 *


Innate Abilities, Weirdness & Mutations

You have a pair of horns on your head.
You reflexively headbutt those who attack you in melee.


Message History

The boulder beetle goes berserk!
You headbutt the boulder beetle.
The boulder beetle is severely wounded.
The boulder beetle bites you but does no damage.
The boulder beetle bites you!
You completely miss the boulder beetle.
You headbutt the boulder beetle, but do no damage.
The boulder beetle is severely wounded.
The boulder beetle bites you!!
You are too injured to fight recklessly!
You are too injured to fight recklessly!
You are too injured to fight recklessly!
A red film seems to cover your vision as you go berserk!
You feel yourself moving faster!
You feel mighty! The boulder beetle bites you!!
* * * LOW HITPOINT WARNING * * *
You hit the boulder beetle but do no damage.
The boulder beetle is heavily wounded.
The boulder beetle misses you.
You hit the boulder beetle but do no damage.
The boulder beetle is poisoned.
You headbutt the boulder beetle, but do no damage.
The boulder beetle is heavily wounded.
The boulder beetle bites you.
* * * LOW HITPOINT WARNING * * *
Unknown command.
You bludgeon the boulder beetle!!
Space warps around the boulder beetle.
The boulder beetle is almost dead.
The boulder beetle bites you.
* * * LOW HITPOINT WARNING * * *
You hit the boulder beetle.
The boulder beetle seems to grow stronger.
The boulder beetle is almost dead.
The boulder beetle bites you.
* * * LOW HITPOINT WARNING * * *
Unknown command.
You hit the boulder beetle but do no damage.
You headbutt the boulder beetle, but do no damage.
The boulder beetle is almost dead.
The boulder beetle bites you!!
You die...

#...# #...# #...# #...# #...#
#...######. #..B.......
#.@.............#
#..#########....# #
########..#.......#....#
..#####.........#.......#....#
................#.......#....###
................#.......#.......
.......<........#.......#.......
................##'##...#.....†.
....................#####.......


You could see a boulder beetle (berserk, strong, poisoned).

Vanquished Creatures
  The ghost of adizb the Cleaver, a novice MiBe of Trog (D:7)
  The ghost of ShellytheWitch the Slicer, a novice KoBr of Dithmenos (D:9)
  Joseph (D:7)
  A kobold demonologist (D:7)
  Prince Ribbit (D:7)
  A shadow (D:7)
  A wyvern (D:8)
  A steam dragon (D:8)
  Menkaure (D:5)
  An acid dragon (D:9)
  A water moccasin (D:6)
  An ice beast (D:5)
  2 orc warriors (D:9)
  4 sky beasts
  3 centaurs
  An ogre (D:5)
  A phantom (D:5)
  11 kobold brigands
  5 bullfrogs
  6 scorpions
  A howler monkey (D:10)
  A jelly (D:5)
  7 hounds
  A gnoll bouda (D:9)
  8 orc priests
  Crazy Yiuf (D:2)
  2 iguanas (D:6)
  3 sleepcaps (D:3)
  Natasha (thrice) (D:3)
  9 orc wizards
  13 gnolls
  4 adders
  3 shadow imps
  An ufetubus (D:6)
  2 dart slugs
  29 orcs
  4 bats
  7 endoplasms
  2 giant cockroaches (D:4)
  4 goblins
  9 hobgoblins
  17 kobolds
  3 quokkas
  5 ball pythons
  10 frilled lizards
  2 rats
196 creatures vanquished.

Notes
Turn   | Place    | Note
-------+----------+-------------------------------------------
     0 | D:1      | SCALEDBEING the Minotaur Berserker began the quest for the
                  | Orb.
     0 | D:1      | Reached XP level 1. HP: 19/19 MP: 0/0
   236 | D:1      | Reached XP level 2. HP: 27/27 MP: 1/1
   282 | D:1      | Found Lotikh's Book Emporium.
   705 | D:2      | Reached skill level 4 in Fighting
   741 | D:2      | Reached ** piety under Trog
   794 | D:2      | Found Barovus's Magic Scroll Boutique.
   797 | D:2      | Bought a scroll of identify for 28 gold pieces
  1102 | D:2      | Found a runed translucent door.
  1103 | D:2      | Noticed Crazy Yiuf
  1458 | D:2      | Killed Crazy Yiuf
  1459 | D:2      | Reached skill level 5 in Axes
  1459 | D:2      | Reached XP level 3. HP: 34/34 MP: 2/2
  1599 | D:3      | Reached XP level 4. HP: 41/41 MP: 3/3
  1932 | D:3      | Reached XP level 5. HP: 35/47 MP: 4/4
  1935 | D:3      | Reached skill level 5 in Fighting
  1935 | D:3      | Reached skill level 1 in Staves
  2045 | D:3      | Noticed Natasha
  2058 | D:3      | Killed Natasha
  2292 | D:3      | Found a shadowy altar of Dithmenos.
  2313 | D:3      | Noticed Natasha
  2320 | D:3      | Killed Natasha
  2321 | D:3      | Noticed Natasha
  2328 | D:3      | Killed Natasha
  2329 | D:3      | Reached XP level 6. HP: 24/56 MP: 5/5
  2593 | D:4      | Found a glowing golden altar of the Shining One.
  2618 | D:4      | Reached *** piety under Trog
  2730 | D:4      | Found Poff's General Store.
  2740 | D:4      | Bought a scroll of magic mapping for 82 gold pieces
  3225 | D:5      | Entered Level 5 of the Dungeon
  3311 | D:5      | Noticed an ice beast
  3322 | D:5      | Killed an ice beast
  3323 | D:5      | Reached XP level 7. HP: 62/62 MP: 6/6
  3491 | D:5      | Reached skill level 5 in Staves
  3491 | D:5      | Reached skill level 1 in Stealth
  3495 | D:5      | Reached skill level 6 in Fighting
  3548 | D:5      | Reached **** piety under Trog
  3722 | D:5      | Found Qeko's Assorted Antiques.
  3732 | D:5      | Bought a scroll labelled HEPRAI CAPSOKO for 28 gold pieces
  3790 | D:5      | Reached XP level 8. HP: 61/71 MP: 7/7
  3827 | D:5      | Found a staircase to the Ecumenical Temple.
  3893 | D:5      | Found an ornate altar of the Wu Jian Council.
  4090 | D:5      | Noticed Menkaure
  4094 | D:5      | Killed Menkaure
  4480 | D:6      | Reached skill level 7 in Fighting
  4480 | D:6      | Reached skill level 1 in Evocations
  5501 | D:7      | Found an opulent altar of Gozag.
  5501 | D:7      | Noticed Prince Ribbit
  5504 | D:7      | Found a hide-covered altar of Uskayaw.
  5517 | D:7      | Killed Prince Ribbit
  5518 | D:7      | Reached XP level 9. HP: 28/81 MP: 8/8
  5691 | D:7      | Noticed Joseph
  5704 | D:7      | Killed Joseph
  5705 | D:7      | Reached skill level 8 in Fighting
  5705 | D:7      | Reached skill level 5 in Armour
  6180 | D:7      | Found a bloodstained altar of Trog.
  6180 | D:7      | Found a sacrificial altar of Ru.
  6409 | D:7      | Found a runed translucent gate.
  6410 | D:7      | Found a runed translucent gate.
  6411 | D:7      | Found a runed translucent gate.
  6413 | D:7      | Noticed adizb's ghost (novice MiBe)
  6414 | D:7      | Noticed a kobold demonologist
  6524 | D:7      | Noticed a soul eater
  6531 | D:7      | Killed a kobold demonologist
  6532 | D:7      | Reached skill level 9 in Fighting
  6548 | D:7      | Killed adizb's ghost
  6549 | D:7      | Reached XP level 10. HP: 33/91 MP: 9/9
  6555 | D:7      | Reached skill level 5 in Dodging
  7281 | D:8      | Reached skill level 10 in Fighting
  7881 | D:8      | Found a blossoming altar of Fedhas.
  8135 | D:9      | Reached ***** piety under Trog
  8259 | D:9      | Found a large runed translucent door.
  8259 | D:9      | Found a large runed translucent door.
  8786 | D:9      | Found a broken altar of Ashenzari.
  8790 | D:9      | Saw a vision of the Swamp and the Spider Nest.
  8790 | D:9      | Noticed a moth of wrath
  8790 | D:9      | Noticed a demonic crawler
  8790 | D:9      | Noticed a bog body
  8790 | D:9      | Noticed a swamp dragon
  8790 | D:9      | Noticed a sun moth
  8790 | D:9      | Noticed a spark wasp
  8790 | D:9      | Noticed a steelbarb worm
  8790 | D:9      | Noticed a will-o-the-wisp
  8791 | D:9      | Noticed a pharaoh ant
  8791 | D:9      | Noticed a pharaoh ant
  8797 | D:9      | Noticed a spriggan rider
  9045 | D:9      | Noticed ShellytheWitch's ghost (novice KoBr)
  9222 | D:9      | Killed ShellytheWitch's ghost
  9259 | D:10     | Entered Level 10 of the Dungeon
  9334 | D:10     | Found a staircase to the Lair.
  9441 | D:10     | Noticed a boulder beetle
  9465 | D:10     | Slain by a boulder beetle

Illustrated notes

Levels and vault maps discovered:
D:1:      onia_arrival_pyramid, layout_loops_ring, serial_shops, shop,
          chequers_serial_rivers_micro_c
D:2:      layout_loops_cross, serial_shops, nicolae_shop_real_fake_doors,
          dreamdust_princess_corridor, uniq_crazy_yiuf_cottage
D:3:      layout_basic, mainiacjoe_overflow_alcove_2, hellmonk_no_cap,
          uniq_natasha
D:4:      layout_basic, mainiacjoe_overflow_chevrons, serial_shops, shop
D:5:      layout_loops_ring, nicolae_wu_jian_glorious_leap, temple_hall,
          serial_shops, shop, patterned_corridor, uniq_menkaure
D:6:      layout_basic, minmay_lizard_king
D:7:      layout_loops_ring, chequers_temple_overflow_statue_of_worship,
          gammafunk_temple_overflow_statue, gammafunk_ghost_nasty_kobolds,
          dk_noncrumbling_3, uniq_joseph, uniq_prince_ribbit1
D:8:      layout_basic, fedhas_altar_4
D:9:      layout_long_grid, grunt_ashenzari_visionary
          [grunt_ashenzari_visionary_swamp, grunt_ashenzari_visionary_spider],
          ebering_ghost_disaster_area
D:10:     wander_kiku_kobolds, layout_irregular_city, lair_entry_dummy

Skill      XL: |  1  2  3  4  5  6  7  8  9 10 |
---------------+-------------------------------+-----
Axes           | 4 5 6 7 8 9 |  9.8
Fighting       | 4 5 6 7 9 10 | 10.6
Staves         | 2 4 6 7 |  7.2
Stealth        | 1 |  1.7
Armour         | 4 7 8 |  8.6
Evocations     | 2 3 4 |  4.2
Dodging        | 3 4 5 |  5.7

Action                     |  1- 3 |  4- 6 |  7- 9 | 10-12 || total
---------------------------+-------+-------+-------+-------++-------
  Melee: Hand axe          |    51 |       |       |       ||    51
         Headbutt          |     7 |    20 |    19 |    31 ||    77
         Quarterstaff      |     3 |   104 |   194 |   139 ||   440
 Invoke: Berserk           |     1 |       |     2 |     2 ||     5
         Trog's Hand       |       |       |     2 |       ||     2
    Use: Scroll            |     4 |     3 |    10 |     2 ||    19
         Potion            |       |       |     2 |       ||     2
   Stab: Paralysed         |       |     2 |       |       ||     2
         Confused          |       |       |     1 |       ||     1
 Armour: Animal skin       |     6 |       |       |       ||     6
         Leather armour    |     3 |    15 |       |       ||    18
         Chain mail        |       |    45 |   104 |    33 ||   182
         Plate armour      |       |       |       |    45 ||    45
  Dodge: Dodged            |    36 |    57 |    70 |    63 ||   226
